 Dungeon Crawl Stone Soup version 0.27.1-34-g3ba077fa99 (webtiles) character file.

Game seed: 9109206489455302347

98 Arum the Shield-Bearer (level 5, 0/35 (42) HPs)
             Began as a Formicid Fighter on Jan 4, 2022.
             Slain by a necrophage (3 damage)
             ... on level 4 of the Dungeon.
             The game lasted 00:02:57 (2258 turns).

Arum the Shield-Bearer (Formicid Fighter)           Turns: 2258, Time: 00:02:57

HP:   0/35 (42)     AC:  6    Str: 20    XL:     5   Next: 1%
MP:   5/5           EV:  8    Int:  8    God:
Gold: 156           SH:  9    Dex: 11    Spells: 4/4 levels left

rFire    + . .     SeeInvis +   a - +0 flail
rCold    . . .     Faith    .   c - +0 kite shield
rNeg     . . .     Spirit   .   b - +0 scale mail
rPois    .         Reflect  .   (helmet unavailable)
rElec    .         Harm     .   (no cloak)
rCorr    .         Rampage  .   (no gloves)
Will     .....                  (no boots)
Stlth    ..........             l - amulet of the acrobat
HPRegen  0.11/turn              r - ring of protection from fire
MPRegen  0.09/turn              (no ring)

@: heavily drained
A: permanent stasis, dig shafts and tunnels, antennae 3, four strong arms
a: Dig, Shaft Self


You were on level 4 of the Dungeon.
You visited 1 branch of the dungeon, and saw 4 of its levels.

You collected 156 gold pieces.

Inventory:

Hand Weapons
 a - a +0 flail (weapon)
Armour
 b - a +0 scale mail (worn)
 c - a +0 kite shield (worn)
Jewellery
 l - an amulet of the acrobat (around neck)
 r - a ring of protection from fire (left hand)
Wands
 t - a wand of polymorph (9)
Scrolls
 e - a scroll of amnesia
Potions
 d - 2 potions of might
 f - a potion of attraction {unknown}
 g - 2 potions of mutation {unknown}
 i - 2 potions of invisibility
 j - a potion of heal wounds
 m - a potion of haste
 o - a potion of flight
 p - 2 potions of curing
 q - a potion of degeneration {unknown}


   Skills:
 + Level 4.3 Fighting
 + Level 3.2 Maces & Flails
 - Level 3.2 Armour
 + Level 4.7 Shields


You had 4 spell levels left.
You didn't know any spells.
Your spell library was empty.

Dungeon Overview and Level Annotations

Branches:
Dungeon (4/15)
 Temple: D:4-7

Altars:
Nemelex Xobeh


Innate Abilities, Weirdness & Mutations

You cannot be hasted, slowed, berserked, paralysed or teleported.
You can dig through walls and to a lower floor.
You have a pair of large antennae on your head. (SInv)
Your four strong arms can wield two-handed weapons with a shield.


Message History

The necrophage barely misses you.
The necrophage hits you but does no damage.
You closely miss the necrophage.
The necrophage is lightly damaged.
You block the necrophage's attack.
You sock the necrophage!
The necrophage is heavily damaged.
The necrophage hits you but does no damage.
The necrophage hits you.
You feel drained.
You hit the necrophage but do no damage.
The necrophage is moderately damaged.
The necrophage hits you but does no damage.
Your shield and scale mail prevent you from hitting the necrophage.
The necrophage is moderately damaged.
The necrophage hits you.
You feel drained.
You barely miss the necrophage.
The necrophage is moderately damaged.
The necrophage hits you.
You feel drained. The necrophage closely misses you.
You hit the necrophage.
The necrophage is heavily damaged.
The necrophage hits you.
You feel drained.
You hit the necrophage.
The necrophage is heavily damaged.
The necrophage completely misses you. The necrophage hits you.
You hit the necrophage.
The necrophage is heavily damaged.
The necrophage hits you.
* * * LOW HITPOINT WARNING * * *
You feel drained.
* * * LOW HITPOINT WARNING * * *
You closely miss the necrophage.
The necrophage is heavily damaged.
The necrophage hits you.
* * * LOW HITPOINT WARNING * * *
You feel drained.
* * * LOW HITPOINT WARNING * * *
You barely miss the necrophage.
The necrophage is heavily damaged.
The necrophage hits you.
You die...

###### #..... #.....
..... ... #.## #.@#
##n# ##########w##
##.....#.....#####
##.................
#..................
#...†...............
#....)..............
#......†.......<....


You could see a necrophage and a worm.

Vanquished Creatures
  Terence (D:2)
  2 adders (D:3)
  An adder skeleton (D:4)
  A worm (D:2)
  6 ball pythons
  4 endoplasms
  6 giant cockroaches
  A goblin (D:1)
  5 hobgoblins
  8 kobolds
  2 quokkas
  3 bats
  7 frilled lizards
  5 rats
52 creatures vanquished.

Notes
Turn   | Place    | Note
-------+----------+-------------------------------------------
     0 | D:1      | Arum the Formicid Fighter began the quest for the Orb.
     0 | D:1      | Reached XP level 1. HP: 18/18 MP: 1/1
   196 | D:1      | Reached XP level 2. HP: 22/24 MP: 2/2
   899 | D:2      | Reached XP level 3. HP: 30/30 MP: 3/3
   926 | D:2      | Found a faded altar of an unknown god.
  1339 | D:2      | Noticed Terence
  1348 | D:2      | Killed Terence
  1349 | D:2      | Reached XP level 4. HP: 30/37 MP: 4/4
  1678 | D:3      | Found a sparkling altar of Nemelex Xobeh.
  2221 | D:4      | Reached XP level 5. HP: 26/42 MP: 5/5
  2223 | D:4      | Noticed a necrophage
  2258 | D:4      | Slain by a necrophage

Illustrated notes

Levels and vault maps discovered:
D:1:      roderic_octagonal_star, layout_basic
D:2:      layout_basic, ebering_ecumenical_altar_webs, uniq_terence
D:3:      layout_basic, lemuel_crystal_altar
D:4:      layout_rooms, dk_xom_monty_hall, gup_sewer_entry_bowl,
          gammafunk_ghost_icy

Skill      XL: |  1  2  3  4 |
---------------+-------------+-----
Shields        | 4 |  4.7
Fighting       | 4 |  4.3
Maces & Flails | 3 |  3.2
Armour         | |  3.2

Action                   |  1- 3 |  4- 6 || total
-------------------------+-------+-------++-------
Melee: Flail             |    95 |    64 ||   159
  Use: Scroll            |       |    11 ||    11
Armor: Scale mail        |    35 |    23 ||    58
Dodge: Dodged            |    30 |    24 ||    54
Block: Kite shield       |    54 |    28 ||    82
